 Dungeon Crawl Stone Soup version 0.29.1-15-g9cfb28693d (webtiles) character file.

Game seed: 9507038995925550496

17768 hawla the Slicer (level 13, -2/91 HPs)
             Began as a Meteoran Ice Elementalist on Feb 22, 2023.
             Was a High Priest of Jiyva.
             Slain by a harpy (9 damage)
             ... on level 2 of the Shoals.
             The game lasted 00:35:22 (4372 turns).

hawla the Slicer (Meteoran Ice Elementalist)        Turns: 4372, Time: 00:35:24

Health: -2/91      AC: 11    Str: 11 (14) XL:     13   Next: 17%
Magic:  9/23       EV: 14    Int: 20 (21) God:    Jiyva [*****.]
Gold:   399        SH:  0    Dex: 17 (20) Spells: 6/25 levels left

rFire   + + +      SeeInvis .   j - +7 rapier "Lifebane" {vorpal, rPois Str+4 Dex+4}
rCold   . . .      Faith    .   (no shield)
rNeg    . . .      Spirit   .   v - +2 robe {Archmagi}
rPois   +          Reflect  .   d - +2 helmet
rElec   .          Harm     .   u - +1 cloak
rCorr   +          Rampage  .   (no gloves)
Will    +....      Archmagi +   m - +0 pair of boots
Stlth   +.........              (no amulet)
HPRegen 1.69/turn               f - ring of flight
MPRegen 0.63/turn               (no ring)

@: freezing walls, flying, glowing
A: sense surroundings 2, otherworldly, glowing, explore regen, fire resistance
3, mutation resistance 1, gelatinous body 1
a: Renounce Religion, Oozemancy, Slimify


You were on level 2 of the Shoals.
You worshipped Jiyva.
Jiyva was extremely pleased with you.
You visited 3 branches of the dungeon, and saw 14 of its levels.
You also visited: Sewer and Ice Cave.

You collected 399 gold pieces.

Inventory:

Hand Weapons
 j - the +7 rapier "Lifebane" (weapon) {vorpal, rPois Str+4 Dex+4}
   (You found it on level 4 of the Dungeon)

   It inflicts extra damage upon your enemies.
   Str:       It affects your strength (+4).
   Dex:       It affects your dexterity (+4).
   rPois:     It protects you from poison.
Armour
 d - a +2 helmet (worn)
 m - a +0 pair of boots (worn)
 u - a +1 cloak (worn)
 v - a +2 robe of the Archmagi (worn)
Jewellery
 f - a ring of flight (left hand)
Wands
 a - a wand of polymorph (24)
 s - a wand of charming (4)
 w - a wand of flame (10) (quivered)
 y - a wand of light (4)
Scrolls
 e - a scroll of magic mapping
 g - a scroll of fear
 o - 2 scrolls of teleportation
 p - a scroll of poison
 z - 2 scrolls of identify
Potions
 b - 2 potions of magic
 c - a potion of berserk rage
 h - a potion of curing
 i - 3 potions of attraction
 k - 2 potions of might
 l - 2 potions of mutation
 n - 2 potions of haste
 q - a potion of brilliance
 t - 2 potions of invisibility {unknown}
 x - 2 potions of degeneration


   Skills:
 - Level 1.7 Fighting
 - Level 14.0 Short Blades
 - Level 3.8 Dodging
 - Level 1.4 Stealth
 - Level 6.5 Spellcasting
 + Level 10.9 Conjurations
 - Level 7.7 Ice Magic
 + Level 11.0 Earth Magic
 - Level 3.2 Evocations


You had 6 spell levels left.
You knew the following spells:

 Your Spells              Type           Power      Damage    Failure   Level
a - Freeze                Ice            100%       1d11      1%          1
b - Frozen Ramparts       Ice            100%       1d16      1%          3
c - Hailstorm             Conj/Ice       60%        3d13      2%          4
d - Stone Arrow           Conj/Erth      100%       3d13      1%          3
e - Lehudib's Crystal Sp  Conj/Erth      33%        10d8      100%        8

Your spell library contained the following spells:

 Spells                   Type           Power      Damage    Failure   Level
 Ozocubu's Armour         Ice            54%        N/A       1%          3
 Animate Armour           Summ/Erth      84%        N/A       11%         4


Dungeon Overview and Level Annotations

Branches:
Dungeon (9/15) Zot: 2392   Temple (0/1) D:5            Lair (3/5) D:9 Zot: 919
 Shoals (2/4) Lair:3 Zot: 1093  Spider (0/4) Lair:2        Sewer (visited)
  IceCv (visited)
    Orc: D:9-12

Altars:
Makhleb
Nemelex Xobeh
Lugonu

Shops:
D:9 :   Shoals:1 (?

Portals:
Abyss: D:3

Annotations:
D:3 2 runed translucent doors


Innate Abilities, Weirdness & Mutations

You passively map the area around you.
You are easily found by Zot.
You glow in the dark.
You regain HP and MP as you explore.
Your flesh is almost immune to the effects of heat. (rF+++)
You are somewhat resistant to further mutation.
Your rubbery body absorbs attacks. (AC +1, EV +1)


Message History

Welcome back, hawla the Meteoran Ice Elementalist.
Slime for the Slime God!
Press ? for a list of commands and other information.
Unknown command.
It was a potion of degeneration.
There was something very wrong with that liquid.
You feel weakened.
You feel dopey.
You feel clumsy.
The harpy screeches! x2
The wall freezes the harpy.
The harpy claws you.
* * * LOW HITPOINT WARNING * * *
The harpy claws you.
* * * LOW HITPOINT WARNING * * *
The wall freezes the harpy.
The harpy claws you.
* * * LOW HITPOINT WARNING * * *
The harpy claws you.
* * * LOW HITPOINT WARNING * * *
The wall freezes the harpy.
The harpy claws you but does no damage. The harpy closely misses you.
The wall freezes the harpy.
The harpy misses you. The harpy claws you.
* * * LOW HITPOINT WARNING * * *
As you read the scroll of fear, it crumbles to dust.
You assume a fearsome visage.
The harpy looks frightened! x2
The satyr looks frightened!
The faun looks frightened! x3
The wind drake resists with some effort.
The wall freezes the harpy.
Your attack snaps the harpy out of its fear.
The harpy completely misses you. The harpy claws you but does no damage.
The wall freezes the harpy but does no damage.
The wall freezes the harpy.
The harpy claws you.
* * * LOW HITPOINT WARNING * * *
The harpy closely misses you.
The wall freezes the harpy.
The harpy closely misses you. The harpy claws you but does no damage.
Okay, then.
It was a potion of mutation.
You feel extremely strange.
Your tendrils retract into your body.
Your body becomes less malleable.
Your hooves expand and flesh out into feet!
You feel genetically stable.
The harpy screeches!
The wall freezes the harpy.
The harpy claws you!
You die...

~ ~ , , , ~
~~≈≈≈≈≈≈~~~~~~~~~~.c ,
~~ ~≈≈≈≈≈≈≈~~~~~~~P~~c.
* , ~~~
≈≈≈≈≈≈≈~~~~~~~~kc.. ,,
~≈≈≈≈~~~~~~~~~~H.c. ,
,,, ,
~≈≈≈~~~~~~~~~~~~.# ,
≈≈≈~~~~~~~~~†().#, , ,
~≈≈≈~~~~~~~~.H...#, , ,
~ ≈~~~~~.^.~~.@# ,., ,,
~~~~~~..~~..## ..,,,
~~.....~~~~..# * ..., ~
~.......~~~~.#####.~~~
~ ~~
~~~~..>...!.~......~~~~
, ~ ~
~~~~.(###(.~.....~~~~.
* ~~~...
*#.~~..<~~~~~~. *
~~~.............~~~~~~.
*8 8 ~~
~~..............~~~~.#
~~ ~


You could see a satyr (fleeing), a wind drake (repels missiles), 3 fauns and 2
harpies.

Vanquished Creatures
  A hydra (Lair:3)
  A sea snake (Shoals:2)
  Pikel (D:9)
  A harpy (Shoals:2)
  A manticore (Shoals:1)
  5 elephants (Lair:3)
  2 fauns
  3 black mambas (Lair:3)
  3 cane toads (Lair:3)
  A komodo dragon (Lair:3)
  3 rime drakes
  3 ice devils
  3 polar bears (Lair:1)
  4 merfolk
  3 blink frogs (Lair:3)
  12 yaks
  2 wyverns (Lair:3)
  2 water elementals (Shoals:1)
  A basilisk (Lair:3)
  2 steam dragons
  2 water moccasins
  Edmund (D:5)
  3 ogres (D:5)
  4 centaurs
  3 orc warriors
  6 wolves (Lair:3)
  A kobold brigand (D:9)
  9 bullfrogs
  A cane toad simulacrum (IceCv)
  3 scorpions
  A two-headed ogre simulacrum (IceCv)
  7 wights
  5 killer bees (D:9)
  3 howler monkeys
  An electric eel (Lair:1)
  2 lava snakes (Lair:3)
  4 jellies
  2 orc priests (D:3)
  A gnoll bouda (D:5)
  2 iguanas (D:4)
  8 orc wizards
  9 gnolls
  6 adders
  A naga simulacrum (IceCv)
  A river rat (Sewer)
  A shadow imp (D:5)
  5 white imps
  A worm (D:4)
  A dart slug (D:5)
  26 orcs
  6 endoplasms (Sewer)
  10 giant cockroaches
  2 goblins
  A hobgoblin (D:3)
  6 kobolds
  6 quokkas
  9 ball pythons
  A bat (D:3)
  7 frilled lizards (Sewer)
  3 rats
225 creatures vanquished.

Vanquished Creatures (collateral kills)
  A komodo dragon (Lair:3)
  An ice devil (Lair:3)
2 creatures vanquished.

Vanquished Creatures (others)
  A blink frog (Lair:3)
  2 centaurs
  A scorpion (D:7)
  A wight (D:8)
  14 jellies
  2 orc priests
  A gnoll (D:7)
  4 orcs
  28 fungi
  62 plants
116 creatures vanquished.

Grand Total: 343 creatures vanquished

Notes
Turn   | Place    | Note
-------+----------+-------------------------------------------
     0 | D:1      | hawla the Meteoran Ice Elementalist began the quest for the
                  | Orb.
     0 | D:1      | Reached XP level 1. HP: 14/14 MP: 5/5
    50 | D:2      | Reached XP level 2. HP: 8/20 MP: 2/6
    61 | D:2      | You fall into a shaft and drop 1 floor!
    63 | D:3      | Noticed a scorpion
    68 | D:3      | Reached skill level 5 in Ice Magic
    68 | D:3      | Reached XP level 3. HP: 17/26 MP: 4/8
    69 | D:3      | Killed a scorpion
    70 | D:3      | Reached XP level 4. HP: 13/33 MP: 2/9
    79 | D:3      | Learned a level 3 spell: Frozen Ramparts
    87 | D:3      | Found a large runed translucent door.
    87 | D:3      | Found a large runed translucent door.
    93 | D:3      | Reached XP level 5. HP: 13/38 MP: 0/11
    94 | D:3      | Found a corrupted altar of Lugonu.
   129 | D:3      | Found a one-way gate to the infinite horrors of the Abyss.
   225 | D:2      | Identified the +10 plate armour of Bungemol {Str+2 Stlth+}
   360 | D:3      | Reached XP level 6. HP: 23/45 MP: 5/14
   439 | D:4      | Noticed an orc warrior
   460 | D:4      | Killed an orc warrior
   461 | D:4      | Reached skill level 5 in Spellcasting
   481 | D:4      | Reached XP level 7. HP: 38/51 MP: 6/15
   548 | D:4      | Learned a level 4 spell: Hailstorm
   573 | D:4      | Identified the +7 rapier "Lifebane" {vorpal, rPois Str+4
                  | Dex+4}
   589 | D:4      | Reached skill level 1 in Conjurations
   670 | D:4      | Found a glowing drain.
   697 | Sewer    | Entered a sewer
   785 | Sewer    | Reached skill level 1 in Short Blades
   828 | Sewer    | Reached skill level 2 in Short Blades
   833 | Sewer    | Reached XP level 8. HP: 48/58 MP: 12/17
   835 | Sewer    | Found a viscous altar of Jiyva.
   926 | Sewer    | Became a worshipper of Jiyva Jajigg the Shapeless
  1059 | D:5      | Entered Level 5 of the Dungeon
  1065 | D:5      | Reached skill level 3 in Short Blades
  1066 | D:5      | Reached skill level 4 in Short Blades
  1099 | D:5      | Found a staircase to the Ecumenical Temple.
  1124 | D:5      | Noticed Edmund
  1129 | D:5      | Killed Edmund
  1130 | D:5      | Reached skill level 5 in Short Blades
  1151 | D:5      | Reached skill level 6 in Short Blades
  1152 | D:5      | Gained mutation: You passively map the area around you.
                  | [Meteoran growth]
  1152 | D:5      | Reached XP level 9. HP: 63/63 MP: 0/18
  1245 | D:5      | Reached * piety under Jiyva
  1447 | D:7      | Reached skill level 7 in Short Blades
  1634 | D:7      | Reached skill level 8 in Short Blades
  1765 | D:8      | Reached ** piety under Jiyva
  2021 | D:8      | Found a burning altar of Makhleb.
  2048 | D:8      | Reached skill level 5 in Conjurations
  2130 | D:8      | Reached skill level 9 in Short Blades
  2139 | D:8      | Found a sparkling altar of Nemelex Xobeh.
  2201 | D:8      | Reached skill level 10 in Short Blades
  2201 | D:8      | Reached XP level 10. HP: 42/70 MP: 13/19
  2574 | D:9      | Found Zychesyt's Self-Improvement Boutique.
  2612 | D:9      | Reached *** piety under Jiyva
  2677 | D:9      | Found a staircase to the Lair.
  2683 | D:9      | Reached skill level 11 in Short Blades
  2842 | D:9      | Noticed Pikel
  2846 | D:9      | Killed Pikel
  2847 | D:9      | Reached skill level 12 in Short Blades
  2875 | D:9      | Gained mutation: You are covered in slimy tendrils that may
                  | disarm your opponents. [Jiyva's grace]
  2875 | D:9      | Gained mutation: You have a small jelly attached to you
                  | that may absorb projectiles. [Jiyva's grace]
  2875 | D:9      | Gained mutation: Your rubbery body absorbs attacks. (AC +1,
                  | EV +1) [Jiyva's grace]
  2875 | D:9      | Gained mutation: Your pliable body absorbs attacks. (AC +2,
                  | EV +2) [Jiyva's grace]
  2928 | D:9      | Reached **** piety under Jiyva
  2949 | D:9      | Learned a level 3 spell: Stone Arrow
  3283 | Lair:1   | Entered Level 1 of the Lair of Beasts
  3395 | Lair:1   | Reached XP level 11. HP: 73/75 MP: 3/20
  3401 | Lair:1   | Reached skill level 1 in Fighting
  3444 | Lair:1   | Reached skill level 13 in Short Blades
  3458 | Lair:2   | Found a hole to the Spider Nest.
  3466 | Lair:2   | Reached ***** piety under Jiyva
  3497 | Lair:3   | Noticed a black mamba
  3499 | Lair:3   | Killed a black mamba
  3510 | Lair:3   | Learned a level 8 spell: Lehudib's Crystal Spear
  3565 | Lair:3   | Reached skill level 1 in Earth Magic
  3584 | Lair:3   | Noticed a black mamba
  3585 | Lair:3   | Noticed a black mamba
  3594 | Lair:3   | Killed a black mamba
  3599 | Lair:3   | Killed a black mamba
  3655 | Lair:3   | Reached skill level 14 in Short Blades
  3678 | Lair:3   | Found a frozen archway.
  3698 | Lair:3   | Reached skill level 5 in Earth Magic
  3705 | IceCv    | Entered an ice cave
  3716 | IceCv    | Reached XP level 12. HP: 41/85 MP: 6/22
  3733 | IceCv    | HP: 1/85 [ice devil (6)]
  3856 | Lair:3   | Noticed a seven-headed hydra
  3863 | Lair:3   | Killed a seven-headed hydra
  4170 | Lair:3   | Lost mutation: You have a small jelly attached to you that
                  | may absorb projectiles. [Jiyva's grace]
  4170 | Lair:3   | Gained mutation: Your flesh is heat resistant. (rF+)
                  | [Jiyva's grace]
  4170 | Lair:3   | Gained mutation: Your flesh is very heat resistant. (rF++)
                  | [Jiyva's grace]
  4170 | Lair:3   | Gained mutation: Your flesh is almost immune to the effects
                  | of heat. (rF+++) [Jiyva's grace]
  4170 | Lair:3   | Gained mutation: You have large cloven feet. [Jiyva's
                  | grace]
  4237 | Lair:3   | Found a staircase to the Shoals.
  4266 | Shoals:1 | Entered Level 1 of the Shoals
  4269 | Shoals:1 | Found Pemux's Weapon Emporium.
  4273 | Shoals:1 | Reached skill level 10 in Earth Magic
  4287 | Shoals:1 | Found Inwuhyib's Magic Scroll Shoppe.
  4308 | Shoals:1 | Reached skill level 10 in Conjurations
  4312 | Shoals:1 | Reached XP level 13. HP: 74/91 MP: 3/23
  4364 | Shoals:2 | Noticed a satyr
  4372 | Shoals:2 | Lost mutation: You are covered in slimy tendrils that may
                  | disarm your opponents. [potion of mutation]
  4372 | Shoals:2 | Lost mutation: Your pliable body absorbs attacks. (AC +2,
                  | EV +2) [potion of mutation]
  4372 | Shoals:2 | Lost mutation: You have large cloven feet. [potion of
                  | mutation]
  4372 | Shoals:2 | Gained mutation: You are somewhat resistant to further
                  | mutation. [potion of mutation]
  4372 | Shoals:2 | Slain by a harpy

Illustrated notes

Levels and vault maps discovered:
D:1:      dpeg_arrival_boxorama, layout_basic,
          hellmonk_ecumenical_altar_blasted, minmay_liquid_box,
          minmay_surrounded
D:2:      layout_loops_cross, minmay_misc_feat_encased
D:3:      due_chaos_kobolds, layout_rooms, gammafunk_temple_overflow_statue
D:4:      old_forge, layout_cave_pools, portal_sewer_entry_f,
          chequers_serial_rivers_marsh
D:5:      layout_rooms, minmay_temple_entry_waves, st_stairs_1,
          serial_park_tiny_1, hangedman_abyss_or_decor_stagger,
          dreamdust_wishing_well, chequers_serial_rivers_micro_a, minivault_23,
          minmay_statues_item, chequers_serial_rivers_micro_d,
          uniq_blork_the_orc, uniq_edmund, uniq_eustachio, uniq_prince_ribbit1
D:6:      layout_loops_ring, mainiacjoe_overflow_chevrons,
          mainiacjoe_overflow_tiny_flanked, serial_shops, shop,
          serial_park_tiny_2
D:7:      layout_gridville
D:8:      layout_basic, mainiacjoe_overflow_catwalk_spiral
D:9:      layout_irregular_city, lair_entry_dummy, nicolae_shop_self_help,
          uniq_pikel
Lair:1:   layout_chaotic_city, cheibrodos_lair_lostbears, serial_bayou_shore_a,
          infiniplex_staircase_pool
Lair:2:   lemuel_reptile_caves, layout_misc_corridors,
          spider_nest_entry_web_field, roderic_carrion_pond, uniq_maggie
Lair:3:   layout_gridlike, minmay_shoals_entry_centaurs,
          portal_ice_cave_demonic_guard, serial_forest, infiniplex_forest_end_3,
          infiniplex_forest_straight_4, infiniplex_forest_zigzag_1,
          infiniplex_forest_lined_room_2, minmay_holes, ldierk_geyser,
          cheibrodos_lair_reptile_den, serial_bayou_shore_b
Shoals:1: layout_shoals, serial_shops, shop, shop, shop, shop,
          nicolae_shop_waterfront
Shoals:2: dreamdust_from_the_deep, layout_shoals, serial_shops,
          nicolae_diamond_shop, st_sunken_temple, uniq_ilsuiw

Skill      XL: |  1  2  3  4  5  6  7  8  9 10 11 12 13 |
---------------+----------------------------------------+-----
Spellcasting   | 3 4 5 6 |  6.5
Ice Magic      | 5 6 7 |  7.7
Dodging        | 3 |  3.8
Conjurations   | 2 4 5 7 10 | 10.9
Short Blades   | 2 6 10 12 14 | 14.0
Fighting       | 1 |  1.7
Evocations     | 3 |  3.2
Earth Magic    | 5 10 11 | 11.0
Stealth        | |  1.4

Action                   |  1- 3 |  4- 6 |  7- 9 | 10-12 | 13-15 || total
-------------------------+-------+-------+-------+-------+-------++-------
Melee: Unarmed           |     2 |     3 |       |       |       ||     5
       Rapier            |       |       |    98 |   127 |       ||   225
       Punch             |       |       |       |     4 |       ||     4
 Cast: Freeze            |     9 |    26 |    43 |    54 |     1 ||   133
       Frozen Ramparts   |       |     8 |    21 |    12 |     1 ||    42
       Hailstorm         |       |       |    14 |    42 |     6 ||    62
       Stone Arrow       |       |       |       |    66 |    11 ||    77
Evoke: Wand              |       |       |       |     6 |       ||     6
  Use: Scroll            |       |     5 |     5 |     2 |     2 ||    14
       Potion            |       |     1 |     2 |     6 |     3 ||    12
Armor: Robe              |       |    15 |    34 |   104 |     8 ||   161
       Skin              |       |       |     5 |       |       ||     5
Dodge: Dodged            |     2 |    11 |    59 |   156 |    21 ||   249
